Senateurs vs Devils
Created - April 25, 2017 at 19:03
Goals
|
| Senateurs |
0 |
2 |
1 |
1 |
4 |
| Devils |
0 |
1 |
2 |
0 |
3 |
|
Shots
|
| Senateurs |
11 |
8 |
7 |
1 |
27 |
| Devils |
9 |
8 |
8 |
0 |
25 |
|
1st period
No Goal
Penalties :
Kurtis Foster (Ott) for Holding (Minor) at 11:56
2nd period
1. Senateurs , Brenden Morrow 22 (Dan Hamhuis 37, Brad Richards 31) at 2:08
2. Senateurs , Brad Richards 23 (Kurtis Foster 37, Dan Hamhuis 38) at 4:59
3. Devils , Jason Spezza 29 (Brent Seabrook 48, Dan Boyle 22) at 7:25
Penalties :
Jordan Eberle (NJD) for Tripping (Minor) at 12:50
3rd period
4. Senateurs , Gilbert Brule 43 (Kurtis Foster 38, Johan Franzen 22) at 2:19 (PP)
5. Devils , Ted Purcell 33 (Jason Spezza 48) at 3:43
6. Devils , Ilya Kovalchuk 49 (Matt Duchene 56) at 19:45 (PP)
Penalties :
Mike Komisarek (NJD) for Hooking (Minor) at 2:10, Darcy Hordichuk (Ott) for Tripping (Minor) at 6:25, Brad Richardson (NJD) for Boarding (Minor) at 10:38, Brad Richardson (NJD) for Fighting (Major) at 18:10, Mike Fisher (Ott) for Fighting (Major) at 18:10, Thomas Vanek (Ott) for Hooking (Minor) at 19:28
Overtime #1
7. Senateurs , Darcy Hordichuk 18 (Carlo Colaiacovo 22, Thomas Vanek 38) at 1:31
Penalties :
No Penalty
Goalie Stats
Ondrej Pavelec (Ott), 22 saves from 25 shots - (0.880), W, 26-20-6, 61:31 minutes
Cam Ward (NJD), 23 saves from 27 shots - (0.852), OTL, 26-29-7, 61:15 minutes
Players Stats for Senateurs
Player Name G A P +/- PIM S H SB GA TA FO MP PP MP PK MP
------------------------------------------------------------------------------------
B.J. Crombeen 0 0 0 1 0 1 0 0 1 1 0/0 14:52 1:45 0:00
Brad Richards 1 1 2 1 0 2 3 1 0 0 10/15 18:33 1:45 2:40
Brandon Dubinsky 0 0 0 -1 0 1 1 0 0 0 2/5 13:10 0:00 0:14
Brenden Morrow 1 0 1 1 0 2 2 0 1 1 1/1 16:47 1:45 1:28
Carlo Colaiacovo 0 1 1 0 0 0 2 1 0 0 0/0 20:38 1:38 1:26
Dan Girardi 0 0 0 -1 0 0 0 1 0 1 0/0 13:56 0:00 0:00
Dan Hamhuis 0 2 2 2 0 1 0 1 1 2 0/0 26:57 2:29 2:49
Darcy Hordichuk 1 0 1 1 2 2 1 0 0 0 0/0 9:13 0:10 0:00
George Parros 0 0 0 0 0 2 2 1 1 1 0/0 9:27 0:00 1:02
Gilbert Brule 1 0 1 0 0 11 0 1 1 0 13/31 20:47 2:22 0:52
Johan Franzen 0 1 1 0 0 0 2 0 0 0 1/3 19:40 2:12 0:00
Kurtis Foster 0 2 2 2 2 0 3 1 0 0 0/0 25:41 2:29 1:33
Mike Fisher 0 0 0 0 5 1 0 0 0 0 3/5 8:24 0:00 0:00
Milan Hejduk 0 0 0 0 0 0 1 1 1 1 0/0 12:51 0:10 0:00
Richard Jackman 0 0 0 -1 0 0 0 0 0 0 0/0 15:12 0:00 1:16
Ryan Bayda 0 0 0 -1 0 0 1 1 0 0 0/0 12:36 0:00 0:07
Thomas Vanek 0 1 1 0 2 4 2 1 0 0 0/0 22:23 2:12 2:07
Vitaly Vishnevsky 0 0 0 0 0 0 2 1 1 1 0/0 20:38 1:38 1:26
Players Stats for Devils
Player Name G A P +/- PIM S H SB GA TA FO MP PP MP PK MP
------------------------------------------------------------------------------------
Adam Pardy 0 0 0 2 0 0 1 0 0 1 0/0 18:13 1:18 1:35
Alexandre Burrows 0 0 0 0 0 3 0 1 0 0 0/0 9:18 0:00 0:46
Anthony Stewart 0 0 0 -1 0 2 3 1 0 0 0/0 15:36 0:00 0:00
Benn Ferriero 0 0 0 0 0 0 1 2 0 0 0/0 8:24 0:00 0:00
Brad Richardson 0 0 0 0 7 1 3 0 1 1 0/0 12:11 1:48 0:00
Brent Seabrook 0 1 1 1 0 2 0 2 1 1 0/0 29:23 2:57 2:32
Chris Mcallister 0 0 0 -1 0 0 0 0 0 0 0/0 13:12 0:00 2:15
Dan Boyle 0 1 1 -2 0 0 2 2 1 2 0/0 19:15 1:18 0:00
Dominic Moore 0 0 0 0 0 3 4 1 0 1 6/9 13:08 0:00 2:15
Ilya Kovalchuk 1 0 1 0 0 2 0 1 0 0 2/2 21:21 2:27 1:06
Jason Spezza 1 1 2 0 0 4 2 0 1 0 5/15 18:25 1:48 0:00
Jordan Eberle 0 0 0 0 2 0 1 1 2 1 0/0 19:43 2:27 0:00
Karl Alzner 0 0 0 -1 0 1 1 4 1 0 0/0 23:51 2:57 1:44
Kyle Cumiskey 0 0 0 0 0 0 0 0 0 0 0/0 12:47 0:00 0:00
Matt Duchene 0 1 1 0 0 0 1 0 0 0 16/27 20:18 2:27 0:46
Mike Komisarek 0 0 0 -2 2 0 3 1 1 0 0/0 19:24 0:00 2:23
Steve Ott 0 0 0 0 0 2 2 0 0 0 1/7 9:36 0:00 1:06
Ted Purcell 1 0 1 0 0 5 3 0 0 0 0/0 17:48 1:48 0:00
3 Stars
1 - Brad Richards (Ott)
2 - Jason Spezza (NJD)
3 - Dan Hamhuis (Ott)
Power Play
Senateurs - 1 on 3 Attempt(s) - 33.33%
Devils - 1 on 3 Attempt(s) - 33.33%
Penalty Kill
Senateurs - 2 on 3 Attempt(s) - 66.67%
- Score 0 goal in Penalty Kill
Devils - 2 on 3 Attempt(s) - 66.67%
- Score 0 goal in Penalty Kill
Team Stat
Senateurs - Hits : 22 - Faceoff Wins : 30 - Blocked Shots : 11 - Penalty Minutes : 11
Devils - Hits : 27 - Faceoff Wins : 30 - Blocked Shots : 16 - Penalty Minutes : 11
Official
Referees : Jackson Dave and StPierre Justin
Linesman : Jay Sharrers and Scott Driscoll
Game Notes
Brad Richardson and Mike Fisher fight to a draw at 18:10 of 3rd period
Finance
Level 1 -- Attendance: 5291 (88.18%) -- Ticket Income $449,735
Level 2 -- Attendance: 4343 (86.86%) -- Ticket Income $225,836
Level 3 -- Attendance: 2000 (100.00%) -- Ticket Income $56,000
Level 4 -- Attendance: 3943 (98.58%) -- Ticket Income $78,860
Luxury Box -- Attendance: 1000 (100.00%) -- Ticket Income $150,000
Game was played at the The prudential Center.
Total Attendance: 16577 (92.09%)
Total Ticket Income: $960,431
Other Income: $144,065
Total Income: $1,104,496
Senateurs
5 vs 5 Forward
Center Left Wing Right Wing Time % Phy DF OF
1 Gilbert Brule Thomas Vanek Johan Franzen 40 1 2 2
2 Brad Richards Brenden Morrow B.J. Crombeen 30 1 2 2
3 Brandon Dubinsky Ryan Bayda Milan Hejduk 20 1 2 2
4 Mike Fisher Darcy Hordichuk George Parros 10 1 2 2
5 vs 5 Defense
Defense Defense Time % Phy DF OF
1 Kurtis Foster Dan Hamhuis 40 1 2 2
2 Vitaly Vishnevsky Carlo Colaiacovo 30 1 2 2
3 Dan Girardi Richard Jackman 20 1 2 2
4 Kurtis Foster Dan Hamhuis 10 1 2 2
PowerPlay Forward
Center Left Wing Right Wing Time % Phy DF OF
1 Gilbert Brule Thomas Vanek Johan Franzen 60 0 2 3
2 Brad Richards Brenden Morrow B.J. Crombeen 40 0 2 3
PowerPlay Defense
Defense Defense Time % Phy DF OF
1 Kurtis Foster Dan Hamhuis 60 0 2 3
2 Vitaly Vishnevsky Carlo Colaiacovo 40 0 2 3
Penalty Kill 4 Players Forward
Center Wing Time % Phy DF OF
1 Brad Richards Thomas Vanek 60 1 2 2
2 Gilbert Brule Brenden Morrow 40 1 2 2
Penalty Kill 4 Players Defense
Defense Defense Time % Phy DF OF
1 Kurtis Foster Dan Hamhuis 60 1 2 2
2 Vitaly Vishnevsky Carlo Colaiacovo 40 1 2 2
Penalty Kill - 3 Players Forward
Forward Time % Phy DF OF
1 Thomas Vanek 60 1 2 2
2 Brad Richards 40 1 2 2
Penalty Kill - 3 Players Defense
Defense Defense Time % Phy DF OF
1 Kurtis Foster Dan Hamhuis 60 1 2 2
2 Vitaly Vishnevsky Carlo Colaiacovo 40 1 2 2
4 vs 4 Forward
Center Wing Time % Phy DF OF
1 Gilbert Brule Thomas Vanek 60 1 2 2
2 Brad Richards Johan Franzen 40 1 2 2
4 vs 4 Defense
Defense Defense Time % Phy DF OF
1 Kurtis Foster Dan Hamhuis 60 1 2 2
2 Vitaly Vishnevsky Carlo Colaiacovo 40 1 2 2
Last Minutes Offensive
Center Left Wing Right Wing Defense Defense
Brad Richards Thomas Vanek Johan Franzen Kurtis Foster Dan Hamhuis
Last Minutes Defensive
Center Left Wing Right Wing Defense Defense
Brad Richards Thomas Vanek Johan Franzen Kurtis Foster Dan Hamhuis
Goaltenders
Starting : Ondrej Pavelec
Backup : Maxime Daigneault
Extra Forwards
Normal : Darcy Hordichuk, Milan Hejduk, George Parros - PP : Darcy Hordichuk, Milan Hejduk - PK : George Parros
Extra Defensemen
Normal : Dan Girardi, Richard Jackman, Vitaly Vishnevsky - PP : Dan Girardi - PK : Richard Jackman, Vitaly Vishnevsky
Penalty Shots
Thomas Vanek, Brad Richards, Gilbert Brule, Brenden Morrow, Johan Franzen
Scratches
Vladimir Mihalik (Left Foot Injury)
Devils
5 vs 5 Forward
Center Left Wing Right Wing Time % Phy DF OF
1 Matt Duchene Ilya Kovalchuk Jordan Eberle 40 0 2 3
2 Jason Spezza Ted Purcell Anthony Stewart 30 0 2 3
3 Dominic Moore Chris Mcallister Brad Richardson 20 0 2 3
4 Steve Ott Alexandre Burrows Benn Ferriero 10 0 2 3
5 vs 5 Defense
Defense Defense Time % Phy DF OF
1 Brent Seabrook Karl Alzner 40 1 2 2
2 Dan Boyle Mike Komisarek 30 1 2 2
3 Kyle Cumiskey Adam Pardy 20 1 2 2
4 Brent Seabrook Adam Pardy 10 1 2 2
PowerPlay Forward
Center Left Wing Right Wing Time % Phy DF OF
1 Matt Duchene Ilya Kovalchuk Jordan Eberle 60 0 1 4
2 Jason Spezza Ted Purcell Brad Richardson 40 0 1 4
PowerPlay Defense
Defense Defense Time % Phy DF OF
1 Brent Seabrook Karl Alzner 60 1 2 2
2 Dan Boyle Adam Pardy 40 1 2 2
Penalty Kill 4 Players Forward
Center Wing Time % Phy DF OF
1 Dominic Moore Chris Mcallister 60 1 2 2
2 Steve Ott Ilya Kovalchuk 40 1 2 2
Penalty Kill 4 Players Defense
Defense Defense Time % Phy DF OF
1 Brent Seabrook Mike Komisarek 60 1 2 2
2 Adam Pardy Karl Alzner 40 1 2 2
Penalty Kill - 3 Players Forward
Forward Time % Phy DF OF
1 Ted Purcell 60 1 2 2
2 Dominic Moore 40 1 2 2
Penalty Kill - 3 Players Defense
Defense Defense Time % Phy DF OF
1 Adam Pardy Mike Komisarek 60 1 2 2
2 Mike Komisarek Kyle Cumiskey 40 1 2 2
4 vs 4 Forward
Center Wing Time % Phy DF OF
1 Jason Spezza Ted Purcell 60 1 2 2
2 Matt Duchene Ilya Kovalchuk 40 1 2 2
4 vs 4 Defense
Defense Defense Time % Phy DF OF
1 Karl Alzner Brent Seabrook 60 1 2 2
2 Mike Komisarek Dan Boyle 40 1 2 2
Last Minutes Offensive
Center Left Wing Right Wing Defense Defense
Jason Spezza Ilya Kovalchuk Jordan Eberle Brent Seabrook Dan Boyle
Last Minutes Defensive
Center Left Wing Right Wing Defense Defense
Jason Spezza Ilya Kovalchuk Jordan Eberle Mike Komisarek Brent Seabrook
Goaltenders
Starting : Cam Ward
Backup : James Reimer
Extra Forwards
Normal : Anthony Stewart, Chris Mcallister, Dominic Moore - PP : Matt Duchene, Steve Ott - PK : Chris Mcallister
Extra Defensemen
Normal : Brent Seabrook, Karl Alzner, Adam Pardy - PP : Kyle Cumiskey - PK : Karl Alzner, Brent Seabrook
Penalty Shots
Ilya Kovalchuk, Ted Purcell, Dominic Moore, Matt Duchene, Jordan Eberle
Scratches
Rene Bourque (Sprained Left Finger Injury)
% Time on Ice - Senateurs
Lines # - Real PCT - Wanted PCT - Time Play
Normal Forward
1 - 33% - 40% - 17:01
2 - 26% - 30% - 13:07
3 - 24% - 20% - 12:29
4 - 16% - 10% - 8:25
Normal Defense
1 - 36% - 40% - 18:36
2 - 33% - 30% - 16:42
3 - 27% - 20% - 13:56
4 - 4% - 10% - 1:48
PP Forward
1 - 57% - 60% - 2:22
2 - 43% - 40% - 1:45
PP Defense
1 - 60% - 60% - 2:29
2 - 40% - 40% - 1:38
PK Forward
1 - 80% - 60% - 3:23
2 - 20% - 40% - 0:52
PK Defense
1 - 66% - 60% - 2:49
2 - 34% - 40% - 1:26
PK3 Forward
1 - 0% - 60%
2 - 0% - 40%
PK3 Defense
1 - 0% - 60%
2 - 0% - 40%
44 Forward
1 - 74% - 60% - 1:07
2 - 26% - 40% - 0:24
44 Defense
1 - 43% - 60% - 0:39
2 - 57% - 40% - 0:52
Last Minute Offensive - 0:00
Last Minute Defensive - 0:36
Total
Forward - 61:31
Defense - 61:31
|
% Time on Ice - Devils
Lines # - Real PCT - Wanted PCT - Time Play
Normal Forward
1 - 33% - 40% - 16:40
2 - 30% - 30% - 15:05
3 - 21% - 20% - 10:52
4 - 16% - 10% - 8:24
Normal Defense
1 - 37% - 40% - 18:50
2 - 33% - 30% - 16:53
3 - 23% - 20% - 11:49
4 - 7% - 10% - 3:29
PP Forward
1 - 58% - 60% - 2:27
2 - 42% - 40% - 1:48
PP Defense
1 - 69% - 60% - 2:57
2 - 31% - 40% - 1:18
PK Forward
1 - 73% - 60% - 3:01
2 - 27% - 40% - 1:06
PK Defense
1 - 62% - 60% - 2:32
2 - 38% - 40% - 1:35
PK3 Forward
1 - 0% - 60%
2 - 0% - 40%
PK3 Defense
1 - 0% - 60%
2 - 0% - 40%
44 Forward
1 - 71% - 60% - 1:05
2 - 29% - 40% - 0:26
44 Defense
1 - 47% - 60% - 0:43
2 - 53% - 40% - 0:48
Last Minute Offensive - 0:37
Last Minute Defensive - 0:00
Total
Forward - 61:31
Defense - 61:31
|
Play by Play
1st period
0:01 of 1st period - Matt Duchene wins face-off versus Gilbert Brule in neutral zone.
0:12 of 1st period - Wrist shot by Matt Duchene.
0:12 of 1st period - Shot Blocked by Thomas Vanek.
0:14 of 1st period - Slapshot by Brent Seabrook.
0:14 of 1st period - Shot Blocked by Kurtis Foster.
0:16 of 1st period - Wrist shot by Karl Alzner.
0:16 of 1st period - Shot Misses the Net.
0:35 of 1st period - Snap shot by Jason Spezza.
0:35 of 1st period - Shot Misses the Net.
1:09 of 1st period - Snap shot by Steve Ott.
1:09 of 1st period - Stopped by Ondrej Pavelec without a rebound.
1:10 of 1st period - Steve Ott wins face-off versus Mike Fisher in Senateurs zone.
1:17 of 1st period - Wrist shot by Alexandre Burrows.
1:17 of 1st period - Stopped by Ondrej Pavelec without a rebound.
1:18 of 1st period - Matt Duchene wins face-off versus Gilbert Brule in Senateurs zone.
1:27 of 1st period - Wrist shot by Gilbert Brule.
1:27 of 1st period - Shot Misses the Net.
1:29 of 1st period - Snap shot by Dan Girardi.
1:29 of 1st period - Shot Blocked by Ilya Kovalchuk.
1:33 of 1st period - Slapshot by Gilbert Brule.
1:33 of 1st period - Deflect By Jordan Eberle.
1:33 of 1st period - Stopped by Cam Ward with a rebound.
2:10 of 1st period - Snap shot by Brad Richardson.
2:10 of 1st period - Stopped by Ondrej Pavelec without a rebound.
2:11 of 1st period - Gilbert Brule wins face-off versus Matt Duchene in Senateurs zone.
2:26 of 1st period - Snap shot by Gilbert Brule.
2:26 of 1st period - Shot Blocked by Karl Alzner.
2:36 of 1st period - Jason Spezza is hit by Brad Richards and loses puck.
2:47 of 1st period - Backhand shot by Jason Spezza.
2:47 of 1st period - Shot Misses the Net.
3:50 of 1st period - Snap shot by George Parros.
3:50 of 1st period - Shot Blocked by Karl Alzner.
4:00 of 1st period - Karl Alzner is hit by Brandon Dubinsky and loses puck.
4:23 of 1st period - Brent Seabrook is hit by Brenden Morrow and loses puck.
4:44 of 1st period - Off-side.
4:45 of 1st period - Dominic Moore wins face-off versus Gilbert Brule in neutral zone.
5:00 of 1st period - Snap shot by Gilbert Brule.
5:00 of 1st period - Shot Misses the Net.
5:16 of 1st period - Snap shot by Ted Purcell.
5:16 of 1st period - Stopped by Ondrej Pavelec without a rebound.
5:17 of 1st period - Gilbert Brule wins face-off versus Jason Spezza in Senateurs zone.
6:57 of 1st period - Brent Seabrook is hit by Johan Franzen and loses puck.
7:30 of 1st period - Wrist shot by Brent Seabrook.
7:30 of 1st period - Stopped by Ondrej Pavelec with a rebound.
7:36 of 1st period - Wrist shot by Mike Fisher.
7:36 of 1st period - Stopped by Cam Ward with a rebound.
7:38 of 1st period - Slapshot by Carlo Colaiacovo.
7:38 of 1st period - Shot Blocked by Benn Ferriero.
7:40 of 1st period - Slapshot by Mike Fisher.
7:40 of 1st period - Shot Blocked by Alexandre Burrows.
7:52 of 1st period - Wrist shot by Dominic Moore.
7:52 of 1st period - Shot Misses the Net.
9:19 of 1st period - Brandon Dubinsky is hit by Dominic Moore and loses puck.
9:28 of 1st period - Kurtis Foster is hit by Brad Richardson and loses puck.
9:47 of 1st period - Dan Boyle is hit by Kurtis Foster and loses puck.
10:13 of 1st period - Kyle Cumiskey is hit by Brad Richards and loses puck.
10:42 of 1st period - Kyle Cumiskey is hit by George Parros.
10:46 of 1st period - Adam Pardy is hit by Darcy Hordichuk and loses puck.
10:57 of 1st period - Dominic Moore is hit by Ryan Bayda and loses puck.
11:23 of 1st period - Snap shot by Ted Purcell.
11:23 of 1st period - Stopped by Ondrej Pavelec without a rebound.
11:24 of 1st period - Jason Spezza wins face-off versus Gilbert Brule in Senateurs zone.
11:25 of 1st period - Slapshot by Brent Seabrook.
11:25 of 1st period - Shot Misses the Net.
11:43 of 1st period - Dan Hamhuis is hit by Mike Komisarek and loses puck.
11:48 of 1st period - Wrist shot by Jason Spezza.
11:48 of 1st period - Stopped by Ondrej Pavelec with a rebound.
11:50 of 1st period - Wrist shot by Ted Purcell.
11:50 of 1st period - Stopped by Ondrej Pavelec with a rebound.
11:52 of 1st period - Snap shot by Ted Purcell.
11:52 of 1st period - Shot Misses the Net.
11:54 of 1st period - Snap shot by Ted Purcell.
11:54 of 1st period - Shot Misses the Net.
11:56 of 1st period - Minor Penalty to Kurtis Foster for Holding.
11:57 of 1st period - Brad Richards wins face-off versus Matt Duchene in Senateurs zone.
12:33 of 1st period - Icing by Jason Spezza.
12:34 of 1st period - Brad Richards wins face-off versus Jason Spezza in Devils zone.
13:16 of 1st period - Off-side.
13:17 of 1st period - Matt Duchene wins face-off versus Gilbert Brule in neutral zone.
13:56 of 1st period - Penalty to Kurtis Foster is over, Kurtis Foster is back on ice.
14:02 of 1st period - Dan Boyle is hit by Carlo Colaiacovo and loses puck.
14:07 of 1st period - Slapshot by Milan Hejduk.
14:07 of 1st period - Deflect By Brandon Dubinsky.
14:07 of 1st period - Shot Misses the Net.
14:07 of 1st period - Puck is out of play.
14:08 of 1st period - Jason Spezza wins face-off versus Gilbert Brule in Devils zone.
14:15 of 1st period - Wrist shot by Gilbert Brule.
14:15 of 1st period - Stopped by Cam Ward with a rebound.
14:33 of 1st period - Kurtis Foster is hit by Dominic Moore and loses puck.
15:37 of 1st period - Wrist shot by Gilbert Brule.
15:37 of 1st period - Shot Misses the Net.
15:39 of 1st period - Wrist shot by Johan Franzen.
15:39 of 1st period - Deflect By Thomas Vanek.
15:39 of 1st period - Stopped by Cam Ward with a rebound.
15:41 of 1st period - Snap shot by Thomas Vanek.
15:41 of 1st period - Shot Misses the Net.
15:43 of 1st period - Wrist shot by Gilbert Brule.
15:43 of 1st period - Stopped by Cam Ward with a rebound.
15:47 of 1st period - Snap shot by Gilbert Brule.
15:47 of 1st period - Stopped by Cam Ward with a rebound.
15:57 of 1st period - Dan Hamhuis is hit by Brad Richardson and loses puck.
16:04 of 1st period - Snap shot by Dominic Moore.
16:04 of 1st period - Shot Misses the Net.
16:06 of 1st period - Slapshot by Adam Pardy.
16:06 of 1st period - Deflect By Dominic Moore.
16:06 of 1st period - Stopped by Ondrej Pavelec without a rebound.
16:07 of 1st period - Matt Duchene wins face-off versus Gilbert Brule in Senateurs zone.
16:08 of 1st period - Backhand shot by Ilya Kovalchuk.
16:08 of 1st period - Shot Misses the Net.
16:16 of 1st period - Wrist shot by Thomas Vanek.
16:16 of 1st period - Shot Blocked by Jordan Eberle.
16:18 of 1st period - Slapshot by Gilbert Brule.
16:18 of 1st period - Shot Misses the Net.
16:20 of 1st period - Snap shot by Gilbert Brule.
16:20 of 1st period - Stopped by Cam Ward with a rebound.
16:22 of 1st period - Slapshot by Gilbert Brule.
16:22 of 1st period - Stopped by Cam Ward without a rebound.
16:23 of 1st period - Matt Duchene wins face-off versus Brad Richards in Devils zone.
17:39 of 1st period - Slapshot by Darcy Hordichuk.
17:39 of 1st period - Stopped by Cam Ward with a rebound.
17:53 of 1st period - Thomas Vanek is hit by Jordan Eberle.
17:54 of 1st period - Icing by Thomas Vanek.
17:55 of 1st period - Matt Duchene wins face-off versus Gilbert Brule in Senateurs zone.
18:26 of 1st period - Wrist shot by Thomas Vanek.
18:26 of 1st period - Shot Misses the Net.
18:28 of 1st period - Wrist shot by Thomas Vanek.
18:28 of 1st period - Stopped by Cam Ward with a rebound.
18:30 of 1st period - Snap shot by Gilbert Brule.
18:30 of 1st period - Stopped by Cam Ward without a rebound.
18:31 of 1st period - Brad Richards wins face-off versus Jason Spezza in Devils zone.
19:05 of 1st period - Slapshot by Milan Hejduk.
19:05 of 1st period - Shot Misses the Net.
19:07 of 1st period - Slapshot by Kurtis Foster.
19:07 of 1st period - Shot Blocked by Dan Boyle.
Goals for this period are 0 for Senateurs vs 0 for Devils.
Shots for this period are 11 for Senateurs vs 9 for Devils.
2nd period
0:01 of 2nd period - Gilbert Brule wins face-off versus Matt Duchene in neutral zone.
0:27 of 2nd period - Brad Richards is hit by Jason Spezza and loses puck.
0:32 of 2nd period - Snap shot by Ted Purcell.
0:32 of 2nd period - Shot Misses the Net.
0:34 of 2nd period - Wrist shot by Jason Spezza.
0:34 of 2nd period - Shot Blocked by Dan Hamhuis.
0:56 of 2nd period - Wrist shot by Alexandre Burrows.
0:56 of 2nd period - Stopped by Ondrej Pavelec with a rebound.
1:18 of 2nd period - Snap shot by Dominic Moore.
1:18 of 2nd period - Stopped by Ondrej Pavelec with a rebound.
1:20 of 2nd period - Slapshot by Mike Komisarek.
1:20 of 2nd period - Shot Blocked by George Parros.
1:30 of 2nd period - Jordan Eberle is hit by Vitaly Vishnevsky and loses puck.
1:38 of 2nd period - Icing by Brent Seabrook.
1:39 of 2nd period - Matt Duchene wins face-off versus Gilbert Brule in Devils zone.
2:04 of 2nd period - Wrist shot by B.J. Crombeen.
2:04 of 2nd period - Stopped by Cam Ward without a rebound.
2:05 of 2nd period - Brad Richards wins face-off versus Jason Spezza in Devils zone.
2:06 of 2nd period - Wrist shot by Brenden Morrow.
2:06 of 2nd period - Shot Blocked by Dan Boyle.
2:08 of 2nd period - Slapshot by Dan Hamhuis.
2:08 of 2nd period - Deflect By Brenden Morrow.
2:08 of 2nd period - Goal by Brenden Morrow - Senateurs : 1 - Devils : 0.
2:09 of 2nd period - Ilya Kovalchuk wins face-off versus Gilbert Brule in neutral zone.
2:12 of 2nd period - Snap shot by Ilya Kovalchuk.
2:12 of 2nd period - Shot Misses the Net.
2:34 of 2nd period - B.J. Crombeen is hit by Anthony Stewart and loses puck.
2:41 of 2nd period - Snap shot by Jason Spezza.
2:41 of 2nd period - Shot Blocked by Brad Richards.
3:01 of 2nd period - Brenden Morrow is hit by Mike Komisarek and loses puck.
3:10 of 2nd period - Snap shot by Steve Ott.
3:10 of 2nd period - Deflect By Benn Ferriero.
3:10 of 2nd period - Shot Misses the Net.
3:10 of 2nd period - Puck is out of play.
3:11 of 2nd period - Ilya Kovalchuk wins face-off versus Gilbert Brule in Senateurs zone.
3:26 of 2nd period - Snap shot by Matt Duchene.
3:26 of 2nd period - Shot Misses the Net.
3:38 of 2nd period - Adam Pardy is hit by Carlo Colaiacovo and loses puck.
3:45 of 2nd period - Slapshot by Karl Alzner.
3:45 of 2nd period - Shot Misses the Net.
3:47 of 2nd period - Snap shot by Karl Alzner.
3:47 of 2nd period - Shot Misses the Net.
4:47 of 2nd period - Snap shot by Dan Boyle.
4:47 of 2nd period - Deflect By Jordan Eberle.
4:47 of 2nd period - Shot Misses the Net.
4:47 of 2nd period - Puck is out of play.
4:48 of 2nd period - Brad Richards wins face-off versus Jason Spezza in Senateurs zone.
4:53 of 2nd period - Snap shot by B.J. Crombeen.
4:53 of 2nd period - Shot Blocked by Karl Alzner.
4:55 of 2nd period - Slapshot by Dan Hamhuis.
4:55 of 2nd period - Shot Misses the Net.
4:57 of 2nd period - Slapshot by Dan Hamhuis.
4:57 of 2nd period - Deflect By Brent Seabrook.
4:57 of 2nd period - Stopped by Cam Ward with a rebound.
4:59 of 2nd period - Slapshot by Kurtis Foster.
4:59 of 2nd period - Deflect By Brad Richards.
4:59 of 2nd period - Goal by Brad Richards - Senateurs : 2 - Devils : 0.
5:00 of 2nd period - Matt Duchene wins face-off versus Johan Franzen in neutral zone.
5:03 of 2nd period - Wrist shot by Matt Duchene.
5:03 of 2nd period - Shot Misses the Net.
5:51 of 2nd period - Slapshot by Dominic Moore.
5:51 of 2nd period - Shot Misses the Net.
6:08 of 2nd period - Icing by Carlo Colaiacovo.
6:09 of 2nd period - Mike Fisher wins face-off versus Steve Ott in Senateurs zone.
6:09 of 2nd period - Mike Fisher is hit by Benn Ferriero.
6:23 of 2nd period - Slapshot by George Parros.
6:23 of 2nd period - Stopped by Cam Ward without a rebound.
6:24 of 2nd period - Matt Duchene wins face-off versus Gilbert Brule in Devils zone.
7:07 of 2nd period - Snap shot by Jordan Eberle.
7:07 of 2nd period - Shot Blocked by Dan Girardi.
7:25 of 2nd period - Snap shot by Jason Spezza.
7:25 of 2nd period - Goal by Jason Spezza - Senateurs : 2 - Devils : 1.
7:26 of 2nd period - Gilbert Brule wins face-off versus Jason Spezza in neutral zone.
7:31 of 2nd period - Snap shot by Thomas Vanek.
7:31 of 2nd period - Shot Misses the Net.
7:33 of 2nd period - Slapshot by Gilbert Brule.
7:33 of 2nd period - Shot Misses the Net.
7:35 of 2nd period - Slapshot by Dan Hamhuis.
7:35 of 2nd period - Shot Misses the Net.
7:37 of 2nd period - Slapshot by Dan Hamhuis.
7:37 of 2nd period - Deflect By Gilbert Brule.
7:37 of 2nd period - Shot Misses the Net.
7:37 of 2nd period - Puck is out of play.
7:38 of 2nd period - Gilbert Brule wins face-off versus Matt Duchene in Devils zone.
7:45 of 2nd period - Snap shot by Gilbert Brule.
7:45 of 2nd period - Stopped by Cam Ward with a rebound.
7:51 of 2nd period - Slapshot by Brent Seabrook.
7:51 of 2nd period - Shot Blocked by Gilbert Brule.
8:27 of 2nd period - Wrist shot by Brad Richards.
8:27 of 2nd period - Shot Misses the Net.
8:34 of 2nd period - Off-side.
8:35 of 2nd period - Brad Richards wins face-off versus Matt Duchene in neutral zone.
8:38 of 2nd period - Adam Pardy is hit by Brenden Morrow and loses puck.
9:20 of 2nd period - Dan Girardi is hit by Ted Purcell and loses puck.
9:27 of 2nd period - Wrist shot by Milan Hejduk.
9:27 of 2nd period - Deflect By Brandon Dubinsky.
9:27 of 2nd period - Shot Misses the Net.
9:27 of 2nd period - Puck is out of play.
9:28 of 2nd period - Gilbert Brule wins face-off versus Matt Duchene in Devils zone.
10:18 of 2nd period - Wrist shot by Brenden Morrow.
10:18 of 2nd period - Stopped by Cam Ward with a rebound.
10:56 of 2nd period - Milan Hejduk is hit by Anthony Stewart and loses puck.
11:03 of 2nd period - Snap shot by Ted Purcell.
11:03 of 2nd period - Shot Misses the Net.
11:05 of 2nd period - Slapshot by Anthony Stewart.
11:05 of 2nd period - Deflect By Milan Hejduk.
11:05 of 2nd period - Shot Misses the Net.
11:05 of 2nd period - Puck is out of play.
11:06 of 2nd period - Matt Duchene wins face-off versus Gilbert Brule in Senateurs zone.
11:07 of 2nd period - Wrist shot by Ilya Kovalchuk.
11:07 of 2nd period - Shot Misses the Net.
11:53 of 2nd period - Jason Spezza is hit by George Parros and loses puck.
12:43 of 2nd period - Snap shot by Gilbert Brule.
12:43 of 2nd period - Shot Misses the Net.
12:50 of 2nd period - Minor Penalty to Jordan Eberle for Tripping.
12:51 of 2nd period - Dominic Moore wins face-off versus Gilbert Brule in Devils zone.
12:51 of 2nd period - Dominic Moore is hit by Johan Franzen.
13:00 of 2nd period - Wrist shot by Thomas Vanek.
13:00 of 2nd period - Shot Blocked by Mike Komisarek.
13:02 of 2nd period - Slapshot by Dan Hamhuis.
13:02 of 2nd period - Shot Blocked by Dominic Moore.
13:56 of 2nd period - Carlo Colaiacovo is hit by Karl Alzner and loses puck.
14:24 of 2nd period - Icing by Kurtis Foster.
14:25 of 2nd period - Brad Richards wins face-off versus Steve Ott in Senateurs zone.
14:50 of 2nd period - Penalty to Jordan Eberle is over, Jordan Eberle is back on ice.
14:56 of 2nd period - Wrist shot by Ted Purcell.
14:56 of 2nd period - Shot Blocked by Milan Hejduk.
14:58 of 2nd period - Wrist shot by Ted Purcell.
14:58 of 2nd period - Shot Misses the Net.
15:06 of 2nd period - Snap shot by Jason Spezza.
15:06 of 2nd period - Deflect By Ryan Bayda.
15:06 of 2nd period - Stopped by Ondrej Pavelec with a rebound.
15:35 of 2nd period - Icing by George Parros.
15:36 of 2nd period - Brad Richards wins face-off versus Steve Ott in Senateurs zone.
15:40 of 2nd period - Off-side.
15:41 of 2nd period - Brenden Morrow wins face-off versus Steve Ott in neutral zone.
16:15 of 2nd period - Snap shot by B.J. Crombeen.
16:15 of 2nd period - Shot Misses the Net.
16:25 of 2nd period - Snap shot by Alexandre Burrows.
16:25 of 2nd period - Stopped by Ondrej Pavelec with a rebound.
16:27 of 2nd period - Snap shot by Steve Ott.
16:27 of 2nd period - Shot Misses the Net.
16:29 of 2nd period - Slapshot by Steve Ott.
16:29 of 2nd period - Stopped by Ondrej Pavelec with a rebound.
16:31 of 2nd period - Snap shot by Alexandre Burrows.
16:31 of 2nd period - Shot Misses the Net.
16:33 of 2nd period - Slapshot by Steve Ott.
16:33 of 2nd period - Shot Misses the Net.
16:35 of 2nd period - Backhand shot by Karl Alzner.
16:35 of 2nd period - Stopped by Ondrej Pavelec without a rebound.
16:36 of 2nd period - Matt Duchene wins face-off versus Gilbert Brule in Senateurs zone.
17:01 of 2nd period - Vitaly Vishnevsky is hit by Anthony Stewart and loses puck.
17:53 of 2nd period - Icing by Richard Jackman.
17:54 of 2nd period - Jason Spezza wins face-off versus Brandon Dubinsky in Senateurs zone.
17:55 of 2nd period - Wrist shot by Ted Purcell.
17:55 of 2nd period - Stopped by Ondrej Pavelec with a rebound.
18:27 of 2nd period - Snap shot by Gilbert Brule.
18:27 of 2nd period - Shot Misses the Net.
18:29 of 2nd period - Wrist shot by Thomas Vanek.
18:29 of 2nd period - Deflect By Johan Franzen.
18:29 of 2nd period - Shot Misses the Net.
18:29 of 2nd period - Puck is out of play.
18:30 of 2nd period - Gilbert Brule wins face-off versus Matt Duchene in Devils zone.
18:33 of 2nd period - Snap shot by Gilbert Brule.
18:33 of 2nd period - Stopped by Cam Ward with a rebound.
18:55 of 2nd period - Kurtis Foster is hit by Jason Spezza and loses puck.
19:19 of 2nd period - Slapshot by Dominic Moore.
19:19 of 2nd period - Shot Misses the Net.
19:21 of 2nd period - Backhand shot by Karl Alzner.
19:21 of 2nd period - Shot Misses the Net.
19:23 of 2nd period - Snap shot by Karl Alzner.
19:23 of 2nd period - Shot Blocked by Vitaly Vishnevsky.
19:25 of 2nd period - Slapshot by Brent Seabrook.
19:25 of 2nd period - Shot Misses the Net.
19:44 of 2nd period - Wrist shot by Mike Fisher.
19:44 of 2nd period - Shot Misses the Net.
Goals for this period are 2 for Senateurs vs 1 for Devils.
Shots for this period are 8 for Senateurs vs 8 for Devils.
3rd period
0:01 of 3rd period - Gilbert Brule wins face-off versus Matt Duchene in neutral zone.
0:27 of 3rd period - Kurtis Foster is hit by Ted Purcell and loses puck.
0:52 of 3rd period - Snap shot by Brandon Dubinsky.
0:52 of 3rd period - Stopped by Cam Ward without a rebound.
0:53 of 3rd period - Matt Duchene wins face-off versus Brandon Dubinsky in Devils zone.
1:20 of 3rd period - Karl Alzner is hit by Vitaly Vishnevsky and loses puck.
2:03 of 3rd period - Snap shot by Mike Fisher.
2:03 of 3rd period - Deflect By George Parros.
2:03 of 3rd period - Shot Misses the Net.
2:03 of 3rd period - Puck is out of play.
2:04 of 3rd period - Mike Fisher wins face-off versus Steve Ott in Devils zone.
2:05 of 3rd period - Snap shot by Darcy Hordichuk.
2:05 of 3rd period - Shot Blocked by Benn Ferriero.
2:07 of 3rd period - Wrist shot by Darcy Hordichuk.
2:07 of 3rd period - Deflect By Mike Fisher.
2:07 of 3rd period - Shot Misses the Net.
2:07 of 3rd period - Puck is out of play.
2:08 of 3rd period - Matt Duchene wins face-off versus Gilbert Brule in Devils zone.
2:10 of 3rd period - Minor Penalty to Mike Komisarek for Hooking.
2:11 of 3rd period - Gilbert Brule wins face-off versus Dominic Moore in Devils zone.
2:15 of 3rd period - Snap shot by Johan Franzen.
2:15 of 3rd period - Shot Blocked by Brent Seabrook.
2:17 of 3rd period - Slapshot by Kurtis Foster.
2:17 of 3rd period - Shot Blocked by Brent Seabrook.
2:19 of 3rd period - Snap shot by Gilbert Brule.
2:19 of 3rd period - Goal by Gilbert Brule - Senateurs : 3 - Devils : 1.
2:20 of 3rd period - Gilbert Brule wins face-off versus Matt Duchene in neutral zone.
2:34 of 3rd period - Off-side.
2:35 of 3rd period - Brad Richards wins face-off versus Jason Spezza in neutral zone.
3:00 of 3rd period - Adam Pardy is hit by Milan Hejduk and loses puck.
3:11 of 3rd period - Backhand shot by Brent Seabrook.
3:11 of 3rd period - Shot Blocked by Ryan Bayda.
3:13 of 3rd period - Slapshot by Brent Seabrook.
3:13 of 3rd period - Shot Misses the Net.
3:15 of 3rd period - Wrist shot by Anthony Stewart.
3:15 of 3rd period - Stopped by Ondrej Pavelec with a rebound.
3:17 of 3rd period - Snap shot by Anthony Stewart.
3:17 of 3rd period - Stopped by Ondrej Pavelec with a rebound.
3:43 of 3rd period - Slapshot by Jason Spezza.
3:43 of 3rd period - Deflect By Ted Purcell.
3:43 of 3rd period - Goal by Ted Purcell - Senateurs : 3 - Devils : 2.
3:44 of 3rd period - Gilbert Brule wins face-off versus Matt Duchene in neutral zone.
3:47 of 3rd period - Slapshot by Johan Franzen.
3:47 of 3rd period - Shot Hit the Post.
3:56 of 3rd period - Off-side.
3:57 of 3rd period - Johan Franzen wins face-off versus Matt Duchene in neutral zone.
4:12 of 3rd period - Snap shot by Thomas Vanek.
4:12 of 3rd period - Stopped by Cam Ward with a rebound.
4:22 of 3rd period - B.J. Crombeen is hit by Mike Komisarek and loses puck.
4:38 of 3rd period - Icing by Brad Richardson.
4:39 of 3rd period - Dominic Moore wins face-off versus Brandon Dubinsky in Devils zone.
4:48 of 3rd period - Chris Mcallister is hit by Thomas Vanek and loses puck.
5:31 of 3rd period - Snap shot by Brandon Dubinsky.
5:31 of 3rd period - Deflect By Milan Hejduk.
5:31 of 3rd period - Shot Blocked by Karl Alzner.
5:31 of 3rd period - Puck is out of play.
5:32 of 3rd period - Brandon Dubinsky wins face-off versus Jason Spezza in Devils zone.
5:33 of 3rd period - Snap shot by Milan Hejduk.
5:33 of 3rd period - Shot Blocked by Anthony Stewart.
5:47 of 3rd period - Wrist shot by Jason Spezza.
5:47 of 3rd period - Shot Blocked by Carlo Colaiacovo.
6:25 of 3rd period - Minor Penalty to Darcy Hordichuk for Tripping.
6:26 of 3rd period - Matt Duchene wins face-off versus Brad Richards in Senateurs zone.
6:42 of 3rd period - Off-side.
6:43 of 3rd period - Matt Duchene wins face-off versus Brad Richards in neutral zone.
6:56 of 3rd period - Wrist shot by Ilya Kovalchuk.
6:56 of 3rd period - Shot Misses the Net.
7:10 of 3rd period - Kurtis Foster is hit by Brad Richardson and loses puck.
8:25 of 3rd period - Penalty to Darcy Hordichuk is over, Darcy Hordichuk is back on ice.
10:05 of 3rd period - Milan Hejduk is hit by Steve Ott and loses puck.
10:38 of 3rd period - Minor Penalty to Brad Richardson for Boarding.
10:39 of 3rd period - Gilbert Brule wins face-off versus Dominic Moore in Devils zone.
10:52 of 3rd period - Wrist shot by Thomas Vanek.
10:52 of 3rd period - Deflect By Gilbert Brule.
10:52 of 3rd period - Stopped by Cam Ward with a rebound.
11:50 of 3rd period - Snap shot by Matt Duchene.
11:50 of 3rd period - Shot Misses the Net.
12:34 of 3rd period - Kurtis Foster is hit by Steve Ott and loses puck.
12:38 of 3rd period - Penalty to Brad Richardson is over, Brad Richardson is back on ice.
13:35 of 3rd period - Brenden Morrow is hit by Dan Boyle and loses puck.
14:06 of 3rd period - Brenden Morrow is hit by Dominic Moore and loses puck.
14:17 of 3rd period - Brenden Morrow is hit by Ted Purcell and loses puck.
15:20 of 3rd period - Wrist shot by Jason Spezza.
15:20 of 3rd period - Stopped by Ondrej Pavelec with a rebound.
15:22 of 3rd period - Wrist shot by Brent Seabrook.
15:22 of 3rd period - Stopped by Ondrej Pavelec with a rebound.
15:24 of 3rd period - Snap shot by Ted Purcell.
15:24 of 3rd period - Shot Misses the Net.
15:34 of 3rd period - Mike Komisarek is hit by Thomas Vanek and loses puck.
15:53 of 3rd period - Dan Hamhuis is hit by Dan Boyle.
15:56 of 3rd period - Off-side.
15:57 of 3rd period - Mike Fisher wins face-off versus Steve Ott in neutral zone.
16:02 of 3rd period - Steve Ott is hit by Kurtis Foster and loses puck.
16:13 of 3rd period - Snap shot by George Parros.
16:13 of 3rd period - Stopped by Cam Ward without a rebound.
16:14 of 3rd period - Dominic Moore wins face-off versus Johan Franzen in Devils zone.
16:23 of 3rd period - Gilbert Brule is hit by Adam Pardy and loses puck.
16:35 of 3rd period - Richard Jackman is hit by Dominic Moore and loses puck.
16:50 of 3rd period - Snap shot by Ilya Kovalchuk.
16:50 of 3rd period - Stopped by Ondrej Pavelec with a rebound.
17:38 of 3rd period - Gilbert Brule is hit by Matt Duchene and loses puck.
17:53 of 3rd period - Slapshot by Dominic Moore.
17:53 of 3rd period - Shot Misses the Net.
17:55 of 3rd period - Wrist shot by Dominic Moore.
17:55 of 3rd period - Stopped by Ondrej Pavelec without a rebound.
17:56 of 3rd period - Dominic Moore wins face-off versus Mike Fisher in Senateurs zone.
18:09 of 3rd period - Slapshot by Chris Mcallister.
18:09 of 3rd period - Shot Misses the Net.
18:10 of 3rd period - Brad Richardson and Mike Fisher fight to a draw.
18:10 of 3rd period - Penalty to Brad Richardson for Fighting.
18:10 of 3rd period - Penalty to Mike Fisher for Fighting.
18:11 of 3rd period - Dominic Moore wins face-off versus Gilbert Brule in Senateurs zone.
18:27 of 3rd period - Snap shot by Thomas Vanek.
18:27 of 3rd period - Stopped by Cam Ward with a rebound.
18:58 of 3rd period - Snap shot by Brad Richards.
18:58 of 3rd period - Stopped by Cam Ward without a rebound.
18:59 of 3rd period - Jacques Lemaire call a timeout for Devils.
18:59 of 3rd period - Brad Richards wins face-off versus Jason Spezza in Devils zone.
19:12 of 3rd period - Ilya Kovalchuk is hit by Brad Richards and loses puck.
19:20 of 3rd period - Icing by Dan Boyle.
19:21 of 3rd period - Jason Spezza wins face-off versus Brad Richards in Devils zone.
19:21 of 3rd period - Jason Spezza is hit by Kurtis Foster.
19:28 of 3rd period - Minor Penalty to Thomas Vanek for Hooking.
19:29 of 3rd period - Matt Duchene wins face-off versus Brad Richards in Senateurs zone.
19:29 of 3rd period - Devils, Cam Ward is pulled from the net.
19:45 of 3rd period - Snap shot by Ilya Kovalchuk.
19:45 of 3rd period - Goal by Ilya Kovalchuk - Senateurs : 3 - Devils : 3.
19:45 of 3rd period - Cam Ward from Devils was sent back in the game.
19:46 of 3rd period - Brandon Dubinsky wins face-off versus Dominic Moore in neutral zone.
Goals for this period are 1 for Senateurs vs 2 for Devils.
Shots for this period are 7 for Senateurs vs 8 for Devils.
Overtime #1
0:01 of 1st overtime period - Gilbert Brule wins face-off versus Jason Spezza in neutral zone.
0:57 of 1st overtime period - Wrist shot by Matt Duchene.
0:57 of 1st overtime period - Shot Misses the Net.
1:11 of 1st overtime period - Icing by Vitaly Vishnevsky.
1:12 of 1st overtime period - Jason Spezza wins face-off versus Gilbert Brule in Senateurs zone.
1:31 of 1st overtime period - Wrist shot by Darcy Hordichuk.
1:31 of 1st overtime period - Goal by Darcy Hordichuk - Senateurs : 4 - Devils : 3.
Goals for this period are 1 for Senateurs vs 0 for Devils.
Shots for this period are 1 for Senateurs vs 0 for Devils.
Back to the Top